 Dungeon Crawl Stone Soup version 0.21-a0-417-g0adc95b (webtiles) character file.

100 Ijustatesigmund the Sneak (level 4, -2/32 HPs)
             Began as an Octopode Assassin on Nov 3, 2017.
             Slain by an adder (4 damage)
             ... on level 3 of the Dungeon.
             The game lasted 00:01:56 (1448 turns).

Ijustatesigmund the Sneak (Octopode Assassin)       Turns: 1448, Time: 00:01:57

Health: -2/32      AC:  1    Str: 10    XL:     4   Next: 74%
Magic:  4/4        EV: 14    Int: 13    God:
Gold:   115        SH:  0    Dex: 14    Spells: 3/3 levels left

rFire    + . .     SeeInvis .   a - +2 dagger
rCold    . . .     Gourm    .   (no shield)
rNeg     . . .     Faith    .   (helmet restricted)
rPois    .         Spirit   .   (no amulet)
rElec    .         Reflect  .   e - ring of protection from fire
rCorr    .         Harm     .   (no ring)
MR       .....                  (no ring)
Stlth    ++++......             (no ring)
HPRegen  0.10/turn              (no ring)
MPRegen  0.09/turn              (no ring)
                                (no ring)
                                (no ring)

@: lethally poisoned (-2 -> -7), flying
A: almost no armour, stealthy swim, amphibious, 8 rings, constrict 8, camouflage
1, gelatinous body 1
a: no special abilities


You were on level 3 of the Dungeon.
You were not hungry.

You visited 1 branch of the dungeon, and saw 4 of its levels.

You collected 115 gold pieces.

Inventory:

Hand Weapons
 a - a +2 dagger (weapon)
 b - a +0 blowgun
Missiles
 c - 30 poisoned needles
 d - 2 curare-tipped needles
Jewellery
 e - a ring of protection from fire (left tentacle)
Scrolls
 g - a scroll of blinking {unknown}
 h - a scroll of teleportation {unknown}
Potions
 i - a potion of haste
Books
 k - a book of Minor Magic

   Spells                             Type                      Level
   a - Magic Dart                     Conjuration                  1
   b - Blink                          Translocation                2
   c - Call Imp                       Summoning                    2
   d - Slow                           Hexes                        2
   e - Conjure Flame                  Conjuration/Fire             3
   f - Mephitic Cloud                 Conjuration/Poison/Air       3
Comestibles
 f - a bread ration


   Skills:
 + Level 3.6 Fighting
 - Level 2.0 Short Blades
 - Level 2.0 Throwing
 + Level 3.1 Dodging
 - Level 5.3 Stealth


You had 3 spell levels left.
You didn't know any spells.

Dungeon Overview and Level Annotations

Branches:
Dungeon (4/15)
 Temple: D:4-7

Altars:
Makhleb


Innate Abilities, Weirdness & Mutations

You cannot wear most types of armour.
You are very stealthy in the water. (Stealth+)
You are amphibious.
You can wear up to eight rings at the same time.
You can use your tentacles to constrict eight enemies at once.
Your skin changes colour to match your surroundings (Stealth+).
Your rubbery body absorbs attacks. (AC +1, EV +1)


Message History

You are too injured to fight recklessly!
Unknown command.
The adder bites you.
You hit the adder but do no damage. Your grab misses the adder.
You squeeze the adder.
The adder is heavily wounded.
The adder closely misses you.
The orc hits you from afar with a trident.
You hit the adder. Your grab misses the adder.
The adder is almost dead.
You feel sick. The adder bites you.
* * * LOW HITPOINT WARNING * * *
You are more poisoned.
The adder poisons you!
The orc hits you from afar with a trident.
* * * LOW HITPOINT WARNING * * *
It was a potion of flight.
You feel very buoyant.
You fly up into the air.
The adder bites you.
You die...

..........#
#....>..#
####..<###
#.......#
#.###.#.# #
#.#.### #.....#
###.#.#
#####.#@#
....[.#S#
#..oo#
+......).......
####....#######
##.... ###.#
#.# #.#


You could see an adder and 2 orcs.

Vanquished Creatures
  A gnoll (D:1)
  5 adders (D:2)
  A worm (D:2)
  2 dart slugs
  A leopard gecko (D:2)
  An orc (D:3)
  A ball python (D:2)
  9 goblins
  2 hobgoblins
  5 kobolds
  3 bats
  2 frilled lizards (D:1)
  A quokka skeleton (D:2)
  3 rats
37 creatures vanquished.

Notes
Turn   | Place    | Note
-------+----------+-------------------------------------------
     0 | D:1      | Ijustatesigmund the Octopode Assassin began the quest for the Orb.
     0 | D:1      | Reached XP level 1. HP: 14/14 MP: 1/1
   106 | D:1      | Reached XP level 2. HP: 15/20 MP: 2/2
   255 | D:1      | Reached XP level 3. HP: 25/25 MP: 3/3
   844 | D:2      | Reached XP level 4. HP: 31/31 MP: 4/4
  1401 | D:2      | Found a burning altar of Makhleb.
  1401 | D:2      | Noticed a blizzard demon
  1405 | D:2      | Noticed a hellwing
  1405 | D:2      | Noticed a neqoxec
  1448 | D:3      | Slain by an adder

Vault maps used:
D:1:      mainiacjoe_arrival_reflecting_pool
D:2:      makhleb_altar_promises_db
D:3:      first_bread, uniq_jessica
D:4:      lemuel_temple_firewalk_a, hangedman_decor_opposing, uniq_natasha,
          uniq_blork_the_orc

Skill      XL: |  1  2  3  4 |
---------------+-------------+-----
Dodging        | 2 3 |  3.1
Fighting       | 3 |  3.6
Short Blades   | |  2.0
Throwing       | |  2.0
Stealth        | |  5.3

Action                   |  1- 3 |  4- 6 || total
-------------------------+-------+-------++-------
Melee: Dagger            |    40 |    26 ||    66
       Constrict         |     7 |     7 ||    14
       Tentacles         |     4 |     7 ||    11
  Use: Scroll            |     3 |       ||     3
       Potion            |       |     1 ||     1
 Stab: Sleeping          |    10 |     2 ||    12
  Eat: Chunk             |       |     2 ||     2
Armor: Skin              |       |     3 ||     3
Dodge: Dodged            |    19 |    20 ||    39

Table legend:
 A = Spawn XP
 B = Non-spawn XP
 C = Spawn XP percentage of total XP
 D = Spawn monster count
 E = Non-spawn monster count
 F = Spawn count percentage of total count
 G = Total turns spent on level
                    A         B        C        D         E        F      G
               +---------+---------+-------+---------+---------+-------+---------
         Total |       0 |     144 |   0.0 |       0 |      37 |   0.0 |  1448
               +---------+---------+-------+---------+---------+-------+---------
           D:1 |       0 |      35 |   0.0 |       0 |      13 |   0.0 |   332
           D:2 |       0 |     106 |   0.0 |       0 |      23 |   0.0 |  1091
           D:3 |       0 |       3 |   0.0 |       0 |       1 |   0.0 |    23
               +---------+---------+-------+---------+---------+-------+---------
